 Dungeon Crawl Stone Soup version 0.30-a0-49-g1cef19eb02 (webtiles) character file.

Game seed: 6165213457384966198

38 MrFrogsmire the Conjurer (level 3, -1/26 HPs)
             Began as a Draconian Conjurer on Sept 3, 2022.
             Was a Follower of Nemelex Xobeh.
             Frozen to death by an endoplasm (4 damage)
             ... on level 4 of the Dungeon.
             The game lasted 00:06:03 (1073 turns).

MrFrogsmire the Conjurer (Draconian Conjurer)       Turns: 1073, Time: 00:06:04

Health: -1/26      AC:  5    Str:  9    XL:     3   Next: 25%
Magic:  2/6        EV: 12    Int: 20    God:    Nemelex Xobeh [*.....]
Gold:   80         SH:  0    Dex:  9    Spells: 5/6 levels left

rFire   . . .      SeeInvis .    f - staff of air
rCold   . . .      Faith    .    (no shield)
rNeg    . . .      Spirit   .    (body armour unavailable)
rPois   .          Reflect  .    (helmet restricted)
rElec   +          Harm     .    (no cloak)
rCorr   .          Rampage  .    (no gloves)
Will    .....                    (no boots)
Stlth   ++........               (no amulet)
HPRegen 0.08/turn                (no ring)
MPRegen 0.10/turn                (no ring)

@: no status effects
A: AC +5, unfitting armour, cold-blooded
a: Renounce Religion, Draw Escape, Draw Destruction, Draw Summoning


You were on level 4 of the Dungeon.
You worshipped Nemelex Xobeh.
Nemelex Xobeh was aware of your devotion.
You visited 1 branch of the dungeon, and saw 4 of its levels.

You collected 80 gold pieces.

Inventory:

Hand Weapons
 b - a +1 whip of electrocution
 d - a +0 dagger of holy wrath
 e - a +2 sling of flaming
Magical Staves
 f - a staff of air (weapon)
Scrolls
 c - a scroll of summoning {unknown}
Potions
 a - a potion of magic


   Skills:
 + Level 0.3 Maces & Flails
 + Level 1.8 Dodging
 + Level 2.1 Stealth
 + Level 2.1 Spellcasting
 + Level 4.7 Conjurations


You had 5 spell levels left.
You knew the following spells:

 Your Spells              Type           Power      Damage    Failure   Level
a - Magic Dart            Conj           84%        1d7       2%          1

Your spell library contained the following spells:

 Spells                   Type           Power      Damage    Failure   Level
 Searing Ray              Conj           42%        2d6       3%          2
 Dazzling Flash           Conj/Hex       22%        N/A       17%         3
 Fulminant Prism          Conj/Hex       5%         3d7       50%         4
 Iskenderun's Mystic Bla  Conj/Tloc      11%        2d4       50%         4


Dungeon Overview and Level Annotations

Branches:
Dungeon (4/15)             Temple (0/1) D:4

Altars:
Nemelex Xobeh


Innate Abilities, Weirdness & Mutations

Your plain brown scales are hard. (AC +5)
You cannot fit into any form of body armour.
You are cold-blooded and may be slowed by cold attacks.


Message History

You hit the phantom but do no damage.
The phantom is moderately damaged.
The phantom hits you.
The phantom blinks!
You blink.
Found 4 gold pieces.
The phantom closely misses you.
You hit the phantom.
The phantom is heavily damaged.
The phantom hits you.
You closely miss the phantom.
The phantom is heavily damaged.
The phantom hits you but does no damage.
The phantom misses you.
You hit the phantom but do no damage.
The phantom is moderately damaged.
The phantom hits you.
The phantom blinks!
You blink.
The phantom misses you. The phantom attacks as you move away!
The phantom closely misses you.
Found a sparkling altar of Nemelex Xobeh.
You barely miss the phantom.
Your tail-slap misses the phantom.
The phantom is moderately damaged.
The phantom hits you but does no damage.
You hit the phantom but do no damage.
The phantom is moderately damaged.
The phantom hits you.
* * * LOW HITPOINT WARNING * * *
The phantom blinks!
You blink.
An endoplasm and an ufetubus come into view.
Found a stone staircase leading up.
You closely miss the phantom.
The phantom is moderately damaged.
The ufetubus shouts!
The phantom barely misses you.
You hit the phantom.
The phantom is heavily damaged.
The phantom barely misses you.
A dart slug comes into view.
The phantom hits you but does no damage.
The endoplasm freezes you.
You are frozen.
You die...
Your body disappears without a glow.

#...###...#.⌠.#.....##
#......###...###.### #
#....#...........#
####......⌠..>..⌠..#
..##.........§.....#
....#....###...###.#
...........#.⌠.#...##
..###......#...#....#
.## #.(........W@..#
.# #............J.# ##
................# #
#..............⌠5⌠# #
#..............._...
.............⌠.⌠...
...<...###.....
..###.. ##w..


You could see a phantom, a dart slug (wandering), an ufetubus and an endoplasm.

Vanquished Creatures
  An adder (D:2)
  4 ball pythons
  3 bats
  An endoplasm (D:1)
  A giant cockroach (D:4)
  5 goblins
  2 hobgoblins (D:2)
  3 jackals (D:2)
  2 quokkas (D:2)
  2 frilled lizards
  A kobold (D:1)
  3 rats
28 creatures vanquished.

Notes
Turn   | Place    | Note
-------+----------+-------------------------------------------
     0 | D:1      | MrFrogsmire the Draconian Conjurer began the quest for the
                  | Orb.
     0 | D:1      | Reached XP level 1. HP: 14/14 MP: 3/3
   261 | D:1      | Reached XP level 2. HP: 16/20 MP: 1/5
   706 | D:2      | Reached XP level 3. HP: 26/26 MP: 3/6
   780 | D:2      | Found a faded altar of an unknown god.
   797 | D:2      | Prayed at the altar of an unknown god.
   797 | D:2      | Became a worshipper of Nemelex Xobeh the Trickster
   797 | D:2      | Reached * piety under Nemelex Xobeh
   797 | D:2      | Received a gift from Nemelex Xobeh
   980 | D:3      | You fall into a shaft and drop 1 floor!
  1016 | D:4      | Noticed a phantom
  1032 | D:4      | Found a staircase to the Ecumenical Temple.
  1069 | D:4      | Found a sparkling altar of Nemelex Xobeh.
  1073 | D:4      | Frozen to death by an endoplasm

Illustrated notes

Levels and vault maps discovered:
D:1:      sevenhm_arrival_forest_fort_small_3, layout_loops_ring
D:2:      layout_basic, hellmonk_ecumenical_altar_pennies_from_heaven
D:3:      layout_basic, mainiacjoe_overflow_large_starburst,
          nicolae_shop_unique_rings
D:4:      layout_cave_pods, nemelex_xobeh_ov_fountains_minmay,
          minmay_temple_entry_junction_2, grunt_ministairs_2,
          nicolae_figureground_sparkle

Skill      XL: |  1  2 |
---------------+-------+-----
Stealth        | 2 |  2.1
Maces & Flails | |  0.3
Dodging        | |  1.8
Spellcasting   | |  2.1
Conjurations   | |  4.7

Action                   || total
-------------------------++-------
Melee: Whip              ||    16
       Unarmed           ||     4
       Tailslap          ||     4
       Staff             ||    13
 Cast: Magic Dart        ||    44
 Stab: Sleeping          ||     1
Armor: Skin              ||    17
Dodge: Dodged            ||    34

Table legend: (Time is in decaauts)
 A = Elapsed time spent in this place.
 B = Non-inter-level travel time spent in this place.
 C = Inter-level travel time spent in this place.
 D = Time resting spent in this place.
 E = Time spent auto-exploring this place.
 F = Levels seen in this place.
 G = Mean time per level.
                   A        B        C        D        E       F      G
               +--------+--------+--------+--------+--------+-----+--------+
         Total |   1077 |    382 |    695 |      0 |      0 |   4 |  269.2 |
       Dungeon |   1077 |    382 |    695 |      0 |      0 |   4 |  269.2 |
               +--------+--------+--------+--------+--------+-----+--------+

Top non-repeatable levels by time:
     D:2: 592 daAuts
     D:1: 390 daAuts
     D:4: 94 daAuts
